[Event "*** Qualifier 3: Titled Tuesday 3|2 Blitz"]
[Site "Chess.com"]
[Date "2017.04.18"]
[Round "2"]
[White "evgenysharapov"]
[Black "Astaneh"]
[Result "0-1"]
[WhiteElo "2269"]
[BlackElo "2489"]
[TimeControl "180+2"]
[EndTime "13:28:03 PDT"]
[Termination "Astaneh won by resignation"]

1. e4 e5 2. Nf3 Nc6 3. Bb5 Nf6 4. d3 Bc5 5. O-O d6 6. c3 O-O 7. h3 Bb6 8. Re1 Ne7 9. Nbd2 c6 10. Ba4 Ng6 11. Nf1 h6 12. Ng3 Re8 13. Be3 Bxe3 14. Rxe3 d5 15. Bb3 a5 16. a3 Be6 17. d4 dxe4 18.
Nxe4 Nxe4 19. Rxe4 Bxb3 20. Qxb3 Qd5 21. Qc2 f5 22.
Re2 e4 23. Nd2 Nf4 24. Re3 Re6 25. Qb3 Rg6 26. Rg3 Ne2+ 27. Kh2 Nxg3 28. fxg3 Qxb3 29. Nxb3 b6 30. Rf1 Rf6 31. Nd2 Re8 32. Nc4 g6 33.
Nxb6 e3 34. Nc4 g5 35. Re1 f4 36. gxf4 gxf4 37. Kg1 Re4 38. Kf1 c5 39. Ke2 cxd4 40. Kf3 Rfe6 41. cxd4 Rxd4 42. Nxa5 Rd2 43. Kxf4 e2 44.
Kf3 Rxb2 45. Nc4 Rc2 46. Ne3 Rc3 47. Rxe2 Rxa3 48. g4 Kf7 49. Kf4 Kg6 50. h4 Rb3 51.
h5+ Kf7 52. Re1 Rb4+ 53. Kf3 Rb3 54. Kf2 Rb2+ 55. Kf3 Rh2 56. Kf4 Rf2+ 57. Kg3 Rff6 58. Re2 Re4 59. Re1 Ke6 60. Re2 Kf7 61. Re1 Ke8 62.
Re2 Re5 63. Nd5 Rxe2 64. Nxf6+ Kf7 65. Nd5 Rd2 66. Ne3 Kf6 67. Kf4 Rd4+ 68. Kf3 Kg5 69.
Kg3 Rf4 70. Kg2 Kh4 71. Nf5+ Kxg4 72. Nxh6+ Kxh5 73. Ng8 Rf7 74. Kh3 Kg6 75. Kg4 Kg7 0-1

[Event "*** Qualifier 3: Titled Tuesday 3|2 Blitz"]
[Site "Chess.com"]
[Date "2017.04.18"]
[Round "2"]
[White "Goala"]
[Black "roldieyi"]
[Result "1/2-1/2"]
[WhiteElo "2354"]
[BlackElo "2224"]
[TimeControl "180+2"]
[EndTime "13:28:13 PDT"]
[Termination "Game drawn by repetition"]

1. d4 Nf6 2. c4 c5 3. d5 e6 4. Nc3 exd5 5. cxd5 d6 6. e4 g6 7. h3 Bg7 8. Bd3 O-O 9. Nf3 b5 10.
Nxb5 Nxe4 11. O-O a6 12. Na3 Nf6 13. Nc4 Qc7 14. Bf4 Ne8 15. Ng5 Nd7 16. Ne4 Ne5 17.
Nxe5 dxe5 18. Be3 c4 19. Rc1 Nd6 20. Nxd6 Qxd6 21. Bxc4 Bb7 22. Qa4 e4 23. b3 f5 24.
Be2 Rac8 25. Rxc8 Rxc8 26. Rc1 Rxc1+ 27. Bxc1 Bxd5 28. Qe8+ Bf8 29. Bh6 a5 30. Bxf8 Qxf8 31. Qb5 Qd8 32. Kf1 Bf7 33. h4 f4 34. Qg5 Qd2 35. g3 Qc1+ 36. Kg2 f3+ 37. Bxf3 exf3+ 38. Kxf3 Qxg5 39. hxg5 Kf8 40. Kf4 Ke7 41. Ke5 a4 42. bxa4 Bxa2 43. a5 Bc4 44. f4 Bd3 45. g4 Be2 46. f5 Bxg4 47. f6+ Kf7 48. a6 Bc8 49. a7 Bb7 50. Kf4 h5 51. Kg3 Ke6 52. Kh4 Kf7 53. Kg3 Ba8 54. Kf4 Bb7 55.
Kg3 Ba8 56. Kh2 Bb7 57. Kg1 Bd5 58. Kf2 Ke8 59. Ke3 Kf7 60. Kf4 Ba8 61. Kg3 Bb7 62. Kh2 Ba8 63. Kg1 Bb7 64. Kf2 Ba8 65. Kg3 Bb7 66. Kh4 Ba8 67. Kh3 Bb7 68. Kh2 Ba8 69.
Kg1 Bd5 70. Kf2 Ba8 71. Kg3 Bd5 72. Kf4 Ba8 73. Ke5 Bb7 74. Kf4 Ba8 75. Ke5 Bb7 76. Kf4 Ba8 77. Ke3 Bb7 78. Kf2 Ba8 79. Kg1 Bb7 80. Kh2 Ba8 81. Kg3 Bb7 82. Kh4 Ba8 83. Kg3 1/2-1/2

[Event "*** Qualifier 3: Titled Tuesday 3|2 Blitz"]
[Site "Chess.com"]
[Date "2017.04.18"]
[Round "2"]
[White "abubakrtagelsir"]
[Black "peteseeger"]
[Result "0-1"]
[WhiteElo "2139"]
[BlackElo "2111"]
[TimeControl "180+2"]
[EndTime "13:28:14 PDT"]
[Termination "peteseeger won by resignation"]

1. e4 g6 2. d4 Bg7 3. Nc3 c6 4.
Nf3 d6 5. h3 Nf6 6. Be3 Qb6 7.
Rb1 Nbd7 8. Bd3 O-O 9. O-O Qc7 10. Ne2 e5 11. c3 Re8 12. Ng3 b6 13. Re1 Bb7 14.
Qd2 Rad8 15. Rbc1 d5 16. dxe5 Nxe4 17. Nxe4 dxe4 18. Bxe4 Nxe5 19. Qc2 Nxf3+ 20. Bxf3 c5 21. Bg5 f6 22. Rxe8+ Rxe8 23. Qa4 Re7 24. Bf4 Qc8 25. Bxb7 Qxb7 26. Rd1 h5 27. Qc4+ Kh7 28. Rd8 g5 29. Be3 Rd7 30. Qg8+ Kh6 31. h4 Rxd8 32. Qxd8 Qe4 33. hxg5+ Kg6 34. gxf6 Bxf6 35. Qd1 h4 36. a3 a5 37. Qe2 Qb1+ 38. Kh2 Be5+ 39. f4 Bf6 40.
Qg4+ Kf7 41. f5 Qe1 42. Bf4 Qe4 43. Qg6+ Ke7 44. Bd6+ Kxd6 45. Qxf6+ Kc7 46. Qe6 Qf4+ 47. Kg1 Qc1+ 48. Kf2 Qxb2+ 49. Qe2 Qxc3 50. Qe7+ Kc6 51. f6 Qg3+ 52. Kf1 Qf4+ 53. Ke2 Qg4+ 54. Kd3 Qg3+ 55.
Ke4 Qxg2+ 56. Ke5 Qe2+ 57. Kf5 Qf3+ 58. Kg6 Qg4+ 59. Kf7 h3 60. Qe5 Qg2 61. Ke7 h2 62. f7 h1=Q 63. f8=Q Qh4+ 64. Qff6+ Qxf6+ 65. Qxf6+ Kb5 66. a4+ Kxa4 67. Qxb6 Qe4+ 68. Kd7 c4 69. Qc5 Qd3+ 70. Kc6 c3 71. Kb6 c2 72. Qxa5+ Kb3 73. Qa1 Qc3 74. Qc1 Qb2 75. Qe3+ Ka2+ 76. Ka5 c1=Q 77. Qe6+ Qb3 78. Qc6 Qca3+ 0-1

[Event "*** Qualifier 3: Titled Tuesday 3|2 Blitz"]
[Site "Chess.com"]
[Date "2017.04.18"]
[Round "2"]
[White "Aygehovit1992"]
[Black "PelinGorki"]
[Result "1/2-1/2"]
[WhiteElo "2418"]
[BlackElo "2367"]
[TimeControl "180+2"]
[EndTime "13:29:04 PDT"]
[Termination "Game drawn - insufficient material"]

1. e4 d6 2. d4 Nf6 3. Nc3 c6 4.
f4 Qa5 5. Nf3 Nxe4 6. Bd2 Nxd2 7. Qxd2 Bg4 8. Be2 Nd7 9. O-O-O b5 10. Kb1 e6 11. h3 Bxf3 12. Bxf3 Rc8 13. f5 e5 14.
dxe5 Nxe5 15. Rhe1 Qc7 16. Ne4 d5 17. Nc3 Be7 18.
Bxd5 b4 19. Bb3 bxc3 20. Qxc3 f6 21. a3 g6 22. Be6 Rd8 23. Rxd8+ Qxd8 24. Qe3 h5 25. fxg6 Kf8 26. g7+ Kxg7 27. Qg3+ Kf8 28. Qf2 Qd6 29. Bb3 a5 30. Qa7 Kg7 31. Qxa5 Rd8 32.
Qc3 Qd4 33. Qg3+ Kh6 34. Rf1 Qe4 35. Re1 Qf5 36. Ka2 Qg5 37. Qf2 Rd2 38. Qa7 Qg7 39.
Qe3+ Qg5 40. Qa7 Bf8 41. Qa5 Rxg2 42. Rd1 c5 43. Rd8 c4 44. Ba4 Bg7 45. Qa8 Qg6 46. Qc8 h4 47. Rg8 Kg5 48. Bc6 Rg3 49. Be4 f5 50.
Bxf5 Qxf5 51. Rxg7+ Kf4 52. Qh8 Rxg7 53. Qxg7 Qxc2 54.
Qh6+ Kf3 55. Qxh4 Qb3+ 56. Ka1 Qd1+ 57. Ka2 Qb3+ 58. Ka1 Nd3 59. Qg4+ Ke3 60. Qg5+ Ke2 61. Qg2+ Nf2 62. h4 c3 63. bxc3 Qxa3+ 64. Kb1 Qb3+ 65. Ka1 Qxc3+ 66. Ka2 Qc4+ 67. Ka3 Qxh4 68. Qg6 Nd3 69. Qe6+ Kd2 70. Qd6 Qe1 71. Qh2+ Kc1 72. Qh6+ Kd1 73. Qh5+ Kc2 74. Qh2+ Kc3 75. Qh8+ Ne5 76. Qh3+ Kd4 77. Ka4 Qd1+ 78. Ka5 Qa1+ 79. Kb6 Nc4+ 80. Kb7 Qb2+ 81.
Kc8 Ne5 82. Qh4+ Kd5 83. Qd8+ Ke4 84. Qh4+ Kd3 85. Qh3+ Kc4 86. Qe6+ Kb5 87. Qd5+ Ka4 88. Qa8+ Kb3 89. Qb7+ Kc2 90. Qxb2+ Kxb2 1/2-1/2

[Event "*** Qualifier 3: Titled Tuesday 3|2 Blitz"]
[Site "Chess.com"]
[Date "2017.04.18"]
[Round "2"]
[White "Feegus"]
[Black "the_drake"]
[Result "1/2-1/2"]
[WhiteElo "2349"]
[BlackElo "2190"]
[TimeControl "180+2"]
[EndTime "13:30:52 PDT"]
[Termination "Game drawn by 50-move rule"]

1. d4 d5 2. Bf4 Nf6 3. e3 c6 4. c4 a6 5. a4 g6 6. Nc3 Bg7 7. h3 O-O 8. Nf3 Ne4 9. Bd3 Bf5 10.
g4 Nxc3 11. bxc3 Bxd3 12. Qxd3 dxc4 13. Qxc4 b5 14. Qb3 Nd7 15. h4 Qb6 16. h5 c5 17.
hxg6 hxg6 18. Ng5 cxd4 19. cxd4 e5 20. dxe5 Nxe5 21. Rd1 Qa5+ 22. Kf1 bxa4 23. Qa2 Qb5+ 24. Kg2 Nxg4 25. Rh4 Nh6 26. Rdh1 Qb7+ 27. e4 Nf5 28. Rh7 Rae8 29. Kg1 Rxe4 30. Nxe4 Qxe4 31. Qd2 Qb1+ 32. Kg2 Qe4+ 33. Kg1 Re8 34. R1h3 Qe1+ 35. Qxe1 Rxe1+ 36. Kg2 Re4 37. Bc1 Rc4 38. Ba3 a5 39. Rh1 Rg4+ 40.
Kf3 Rc4 41. R7h3 Rc3+ 42. Ke2 Nd4+ 43. Kd1 Rb3 44. Rxb3 axb3 45. Rh3 a4 46. Rh4 f5 47. Bb2 Nb5 48. Bxg7 Kxg7 49. Rb4 Nc3+ 50. Kd2 Ne4+ 51. Ke3 a3 52. Rxb3 a2 53. Ra3 Kf6 54. Rxa2 Kg5 55.
f4+ Kg4 56. Rg2+ Kh5 57. Rh2+ Kg4 58. Rg2+ Kh5 59. Kf3 g5 60. Rh2+ Kg6 61. Rg2 g4+ 62. Ke3 Nf6 63. Kd4 Nh5 64. Ke5 Nf6 65. Rb2 Nd7+ 66. Ke6 Nf6 67. Ke7 Nh5 68. Rb6+ Kg7 69. Ke6 Nxf4+ 70. Kxf5 Nd5 71. Rb7+ Kf8 72. Kxg4 Ne7 73.
Kg5 Kf7 74. Ra7 Ke6 75. Kf4 Kf7 76. Ke5 Kf8 77. Kf6 Ng8+ 78. Ke6 Nh6 79. Rh7 Ng8 80. Rc7 Nh6 81. Kf6 Ng8+ 82. Kg6 Ne7+ 83. Kf6 Ng8+ 84. Ke6 Nh6 85. Ra7 Ng8 86. Rb7 Nh6 87. Kf6 Ng8+ 88. Kg6 Ne7+ 89. Kg5 Kf7 90. Kf4 Ke6 91.
Rb6+ Kd5 92. Rb7 Nc6 93. Rd7+ Ke6 94. Rd1 Ne7 95. Ke4 Nf5 96. Ra1 Nd6+ 97. Kd4 Nf5+ 98.
Ke4 Nd6+ 99. Kf4 Kd5 100. Rd1+ Ke6 101. Rd2 Nc4 102. Rd4 Nd6 103. Ra4 Kd5 104. Ra5+ Kd4 105. Ra6 Kd5 106. Ra5+ Kd4 107. Rh5 Ne4 108. Rh8 Nc3 109. Rd8+ Nd5+ 110. Kf5 Kc4 111. Ke5 Nc3 112. Rc8+ Kd3 113. Rd8+ Ke3 114. Rd4 Ne2 115. Re4+ Kf3 116. Ra4 Ke3 117. Ra3+ Kd2 118. Ke4 Nc3+ 119. Kd4 Ne2+ 120. Kc4 Nf4 121. Rf3 Ne2 122. Rd3+ 1/2-1/2

[Event "*** Qualifier 3: Titled Tuesday 3|2 Blitz"]
[Site "Chess.com"]
[Date "2017.04.18"]
[Round "3"]
[White "amazingoid"]
[Black "blitzcopter"]
[Result "1-0"]
[WhiteElo "2361"]
[BlackElo "2129"]
[TimeControl "180+2"]
[EndTime "13:34:01 PDT"]
[Termination "amazingoid won by resignation"]

1. e4 c6 2. c4 d5 3. exd5 cxd5 4.
cxd5 Nf6 5. Nc3 Nxd5 6. Nf3 Nc6 7. Bb5 e6 8. O-O Be7 9. d4 O-O 10. Re1 Bd7 11. Qe2 Bf6 12. Be3 a6 13. Bc4 Nxe3 14.
fxe3 Rc8 15. Rac1 Qc7 16. Ne4 Be7 17. Bd3 Nb4 18. Rxc7 1-0

[Event "*** Qualifier 3: Titled Tuesday 3|2 Blitz"]
[Site "Chess.com"]
[Date "2017.04.18"]
[Round "3"]
[White "PelinGorki"]
[Black "Quiet_Desperation"]
[Result "1-0"]
[WhiteElo "2369"]
[BlackElo "2027"]
[TimeControl "180+2"]
[EndTime "13:34:30 PDT"]
[Termination "PelinGorki won by resignation"]

1. e4 Nc6 2. Nc3 d6 3. f4 Nf6 4. Nf3 e5 5. Bc4 Bg4 6. d3 Be7 7.
h3 Bxf3 8. Qxf3 Nd4 9. Qf2 Nh5 10.
Bxf7+ Kxf7 11. fxe5+ Ke8 12. Qxd4 dxe5 13. Qxe5 Nf6 14. Bg5 Rf8 15. O-O-O h6 16. Bxf6 Rxf6 17. Nd5 Kd7 1-0

[Event "*** Qualifier 3: Titled Tuesday 3|2 Blitz"]
[Site "Chess.com"]
[Date "2017.04.18"]
[Round "3"]
[White "biostatistician"]
[Black "rasmussvane"]
[Result "0-1"]
[WhiteElo "2466"]
[BlackElo "2506"]
[TimeControl "180+2"]
[EndTime "13:34:40 PDT"]
[Termination "rasmussvane won by resignation"]

1. d4 Nf6 2. Nf3 d5 3. c4 e6 4.
Bg5 h6 5. Bh4 Bb4+ 6. Nc3 dxc4 7. Qa4+ Nc6 8. Ne5 Qxd4 9. Bxf6 Bxc3+ 10. bxc3 Qxc3+ 11. Kd1 Qxa1+ 12. Kc2 gxf6 13. Nxc6 Bd7 0-1

[Event "*** Qualifier 3: Titled Tuesday 3|2 Blitz"]
[Site "Chess.com"]
[Date "2017.04.18"]
[Round "3"]
[White "djogrodek1"]
[Black "Feegus"]
[Result "1/2-1/2"]
[WhiteElo "2387"]
[BlackElo "2350"]
[TimeControl "180+2"]
[EndTime "13:34:46 PDT"]
[Termination "Game drawn by agreement"]

1. e4 e6 2. d4 d5 3. Nd2 Nc6 4.
Ngf3 Nf6 5. e5 Nd7 6. Bd3 f6 7.
Ng5 Ndxe5 8. dxe5 fxg5 9. Qh5+ g6 10.
Bxg6+ Kd7 11. c4 Nxe5 12. Bc2 Qf6 13. O-O c6 14. b4 Bxb4 15. Qe2 Nf7 16. Rb1 Bd6 17. Bb2 Qh6 18. h3 Rg8 19. cxd5 cxd5 20. Ba4+ Kd8 21. Bc1 g4 22. Ne4 gxh3 23. Bxh6 Rxg2+ 24. Kh1 Rh2+ 25. Kg1 Rg2+ 26. Kh1 1/2-1/2

[Event "*** Qualifier 3: Titled Tuesday 3|2 Blitz"]
[Site "Chess.com"]
[Date "2017.04.18"]
[Round "3"]
[White "oskariot"]
[Black "penguingm1"]
[Result "0-1"]
[WhiteElo "2439"]
[BlackElo "2565"]
[TimeControl "180+2"]
[EndTime "13:34:55 PDT"]
[Termination "penguingm1 won by resignation"]

1. c4 e6 2. g3 Nf6 3. Bg2 d5 4.
cxd5 exd5 5. Nf3 c6 6. O-O Be7 7. d3 O-O 8. b3 Bf5 9. Bb2 h6 10.
Nbd2 Nbd7 11. a3 Re8 12. Rc1 Bd6 13. Rc2 Bh7 14. Re1 Qe7 15. Qa1 Ne5 16. Ng5 hxg5 17. Nf3 g4 18. Nd4 Nxd3 0-1

[Event "*** Qualifier 3: Titled Tuesday 3|2 Blitz"]
[Site "Chess.com"]
[Date "2017.04.18"]
[Round "3"]
[White "DavidMarkosyan"]
[Black "Alexander_Donchenko"]
[Result "1-0"]
[WhiteElo "2341"]
[BlackElo "2525"]
[TimeControl "180+2"]
[EndTime "13:35:23 PDT"]
[Termination "DavidMarkosyan won by resignation"]

1. e4 c5 2. Nf3 d6 3. d4 cxd4 4.
Nxd4 Nf6 5. Nc3 a6 6. Bc4 e6 7. O-O Be7 8. Bb3 O-O 9. f4 b5 10. f5 e5 11. Nde2 Bb7 12. Ng3 Nbd7 13. Bg5 h6 14. Bxf6 Nxf6 15. Nh5 Nxh5 16. Qxh5 Rc8 17.
Rad1 b4 18. Nd5 Bxd5 19. Rxd5 a5 20. Rd3 Bf6 21. Rfd1 Qe8 22. Rxd6 a4 23. Bd5 Bg5 24.
h4 Be3+ 25. Kh1 Rxc2 26. f6 Qb8 27. Qg6 1-0

[Event "*** Qualifier 3: Titled Tuesday 3|2 Blitz"]
[Site "Chess.com"]
[Date "2017.04.18"]
[Round "3"]
[White "Rating-Schmating"]
[Black "olomi007"]
[Result "0-1"]
[WhiteElo "2292"]
[BlackElo "2484"]
[TimeControl "180+2"]
[EndTime "13:35:46 PDT"]
[Termination "olomi007 won by resignation"]

1. e4 c5 2. Nf3 Nc6 3. d4 cxd4 4.
Nxd4 g6 5. c4 Bg7 6. Be3 Nf6 7.
Nc3 O-O 8. Be2 d6 9. O-O Bd7 10. b3 Nxd4 11. Bxd4 Bc6 12. Bf3 a5 13. a3 Nd7 14.
Bxg7 Kxg7 15. Nd5 Ne5 16. Be2 Bxd5 17. exd5 Qb6 18. Kh1 Nd7 19. Rc1 Qc5 20. Qd2 Qxa3 21. Qd4+ Kg8 22. h4 Qc5 23. Qb2 Nf6 24. h5 Kg7 25.
Rc3 Qd4 26. h6+ Kg8 27. g3 a4 28. Rd1 a3 29. Qa1 Qxf2 30. Rf1 Qxe2 31. Rxf6 exf6 32. Rc1 Qf3+ 33. Kh2 a2 34. Rf1 Qh5+ 35. Kg2 Qxh6 36. Qxf6 Qg7 0-1

[Event "*** Qualifier 3: Titled Tuesday 3|2 Blitz"]
[Site "Chess.com"]
[Date "2017.04.18"]
[Round "3"]
[White "djano"]
[Black "Cayse"]
[Result "0-1"]
[WhiteElo "2350"]
[BlackElo "2623"]
[TimeControl "180+2"]
[EndTime "13:36:15 PDT"]
[Termination "Cayse won by resignation"]

1. d4 Nf6 2. Bf4 e6 3. e3 b6 4.
Nd2 Bb7 5. Ngf3 Be7 6. Bd3 O-O 7. Qe2 d6 8. O-O-O c5 9. c3 a5 10. h4 a4 11. Kb1 Nc6 12. g4 a3 13. b3 cxd4 14.
cxd4 Nb4 15. g5 Nfd5 16. Ne4 Nxd3 17. Rxd3 Nb4 18. Nfd2 Ba6 19. Nc4 Nxd3 20. Qxd3 d5 21. Nf6+ Bxf6 22. gxf6 Qxf6 23. Be5 dxc4 24. bxc4 Qg6 25.
e4 Bxc4 0-1

[Event "*** Qualifier 3: Titled Tuesday 3|2 Blitz"]
[Site "Chess.com"]
[Date "2017.04.18"]
[Round "3"]
[White "jefferyx"]
[Black "LawrenceTrent"]
[Result "1-0"]
[WhiteElo "2586"]
[BlackElo "2400"]
[TimeControl "180+2"]
[EndTime "13:36:34 PDT"]
[Termination "jefferyx won by resignation"]

1. e4 g6 2. d4 Bg7 3. Nf3 c6 4.
Nc3 d5 5. h3 dxe4 6. Nxe4 Nd7 7. c3 Ngf6 8. Nxf6+ Nxf6 9. Bd3 O-O 10. O-O Nd5 11.
Re1 b6 12. Bg5 Re8 13. Qd2 Bb7 14. Bh6 Bh8 15. h4 c5 16. dxc5 bxc5 17. Bb5 Qb6 18. Bxe8 Rxe8 19. Rad1 Qc6 20. c4 Nb6 21. b3 Qc8 22. Qf4 f6 23. h5 e5 24. Qg3 Kf7 25. hxg6+ hxg6 26. Nh4 g5 27. Bxg5 fxg5 28. Qxg5 Qe6 29.
Qh5+ Kg8 30. Re3 Kf8 31. Qxh8+ 1-0

[Event "*** Qualifier 3: Titled Tuesday 3|2 Blitz"]
[Site "Chess.com"]
[Date "2017.04.18"]
[Round "3"]
[White "SwiftyMcBishop"]
[Black "sorito"]
[Result "1-0"]
[WhiteElo "2284"]
[BlackElo "2413"]
[TimeControl "180+2"]
[EndTime "13:36:39 PDT"]
[Termination "SwiftyMcBishop won by resignation"]

1. e4 e6 2. d4 d5 3. Nc3 Nf6 4.
Bg5 Be7 5. e5 Ne4 6. Bxe7 Qxe7 7. Nxe4 dxe4 8. Ne2 c5 9. Ng3 Nc6 10. Bb5 Bd7 11. Nxe4 Nxd4 12. Bxd7+ Qxd7 13. Nd6+ Ke7 14. O-O Nb5 15. Qe2 Nxd6 16. Rad1 Rhd8 17. Rxd6 Qc7 18.
Rfd1 Kf8 19. Qd3 Ke8 20. Qxh7 g6 21. Qh8+ Ke7 22. Qf6+ Ke8 23. R1d3 c4 24. Rh3 Rxd6 25. exd6 Qxd6 26. Rh8+ Kd7 27. Qxf7+ Kc6 28. Qf3+ Kb6 29. Rxa8 1-0

[Event "*** Qualifier 3: Titled Tuesday 3|2 Blitz"]
[Site "Chess.com"]
[Date "2017.04.18"]
[Round "3"]
[White "Blitzstream"]
[Black "TenisMaster"]
[Result "0-1"]
[WhiteElo "2475"]
[BlackElo "2673"]
[TimeControl "180+2"]
[EndTime "13:36:56 PDT"]
[Termination "TenisMaster won by resignation"]

1. d4 Nf6 2. Bg5 e6 3. e4 h6 4. Bxf6 Qxf6 5. c3 d6 6. Bd3 g6 7. Ne2 Bg7 8. O-O Qe7 9. f4 e5 10. Nd2 O-O 11. Nf3 Nd7 12. Qd2 exd4 13. cxd4 c5 14.
Kh1 cxd4 15. Nexd4 Nc5 16. Rfe1 Bg4 17. Bc4 Nxe4 18. Qe3 Rae8 19. Bd5 Ng3+ 20. hxg3 Qxe3 21. Rxe3 Rxe3 22. Rc1 Rd3 23. Rc4 Bxf3 0-1

[Event "*** Qualifier 3: Titled Tuesday 3|2 Blitz"]
[Site "Chess.com"]
[Date "2017.04.18"]
[Round "3"]
[White "scrapnel"]
[Black "MITerryble"]
[Result "0-1"]
[WhiteElo "2374"]
[BlackElo "2647"]
[TimeControl "180+2"]
[EndTime "13:37:01 PDT"]
[Termination "MITerryble won on time"]

1. d4 e6 2. Nf3 Nf6 3. c4 Bb4+ 4.
Bd2 c5 5. g3 Qb6 6. Qb3 Nc6 7.
dxc5 Bxc5 8. Qxb6 axb6 9. Nc3 Na5 10. Nb5 O-O 11. b4 Nb3 12. Rb1 Nxd2 13. Nxd2 Be7 14. a3 d5 15. Rb3 Bd7 16. Nc3 d4 17. Nce4 Nxe4 18. Nxe4 Ba4 19. Rd3 e5 20.
Bg2 Bc2 21. Rd2 Bb3 0-1

[Event "*** Qualifier 3: Titled Tuesday 3|2 Blitz"]
[Site "Chess.com"]
[Date "2017.04.18"]
[Round "3"]
[White "andreimacovei2000"]
[Black "nurmiTV"]
[Result "0-1"]
[WhiteElo "2401"]
[BlackElo "2418"]
[TimeControl "180+2"]
[EndTime "13:37:03 PDT"]
[Termination "nurmiTV won by resignation"]

1. e4 c5 2. Nf3 Nc6 3. Bb5 g6 4.
Bxc6 dxc6 5. d3 Bg7 6. h3 Nf6 7. Nc3 O-O 8. Be3 b6 9. Qd2 Ba6 10.
O-O-O Re8 11. g4 c4 12. d4 b5 13. e5 Nd5 14. Ne4 b4 15. Nc5 c3 16. Qe1 Qa5 17.
Kb1 cxb2 18. Bd2 Rab8 19. Nb3 Qa3 20. h4 Bc4 21. h5 a5 22. hxg6 hxg6 23. Qg1 a4 0-1

[Event "*** Qualifier 3: Titled Tuesday 3|2 Blitz"]
[Site "Chess.com"]
[Date "2017.04.18"]
[Round "3"]
[White "Aygehovit1992"]
[Black "OparinGrigoriy"]
[Result "1/2-1/2"]
[WhiteElo "2422"]
[BlackElo "2630"]
[TimeControl "180+2"]
[EndTime "13:37:08 PDT"]
[Termination "Game drawn by repetition"]

1. e4 e5 2. Nf3 Nc6 3. Bb5 a6 4.
Ba4 Nf6 5. d3 b5 6. Bb3 Bc5 7. a4 b4 8. Bg5 h6 9. Bh4 d6 10. Nbd2 a5 11. Nc4 Bg4 12. Ne3 Bxf3 13. Qxf3 Nd4 14. Qd1 Nxb3 15. cxb3 g5 16. Bg3 Ng8 17.
Rc1 Bb6 18. Qf3 Qf6 19. Nd5 Qxf3 20. gxf3 Kd7 21. h4 Ne7 22. Nxb6+ cxb6 23. d4 f6 24. d5 Rac8 25. Kd2 Rxc1 26. Rxc1 Rc8 27. Rh1 Ng8 28. Kd3 Ke7 29. Rg1 Kf7 30. Rh1 Kg7 31. Rg1 Ne7 32.
f4 Ng6 33. fxe5 fxe5 34. hxg5 hxg5 35. f3 Kf6 36. Bf2 Nf4+ 37. Kd2 Nh3 38. Rg2 Nxf2 39. Rxf2 Rh8 40. Ke3 Rc8 41. Rh2 Kg6 42. Kd2 Kg7 43. Rh5 Kg6 44. Rh2 Rf8 45. Ke3 Rc8 46. Kd2 Rf8 47. Ke3 Rc8 48. Kd2 1/2-1/2

[Event "*** Qualifier 3: Titled Tuesday 3|2 Blitz"]
[Site "Chess.com"]
[Date "2017.04.18"]
[Round "3"]
[White "TomsKantans"]
[Black "GrigorGrigorov"]
[Result "0-1"]
[WhiteElo "2510"]
[BlackElo "2477"]
[TimeControl "180+2"]
[EndTime "13:37:10 PDT"]
[Termination "GrigorGrigorov won by resignation"]

1. e4 g6 2. d4 Bg7 3. Nc3 c6 4. Nf3 d6 5. h3 Nf6 6. Bg5 O-O 7. Qd2 b5 8. Bd3 Nbd7 9. Bh6 e5 10. O-O Bb7 11. a3 Re8 12. Bxg7 Kxg7 13. Rad1 a6 14. Rfe1 exd4 15. Nxd4 c5 16. Nf3 c4 17. Bf1 Nc5 18. Qf4 Ncxe4 19. Nxe4 Nxe4 20. Rd4 d5 21. Red1 Qf6 22.
Qc7 Re7 23. Qa5 Rae8 24. a4 Nd6 25. axb5 Nxb5 26. R4d2 Qxb2 27. Qb6 Qf6 28. Qc5 Nc3 29. Rc1 Ne4 0-1

[Event "*** Qualifier 3: Titled Tuesday 3|2 Blitz"]
[Site "Chess.com"]
[Date "2017.04.18"]
[Round "3"]
[White "alekroth64"]
[Black "Gulkov_Igor"]
[Result "1-0"]
[WhiteElo "2273"]
[BlackElo "2310"]
[TimeControl "180+2"]
[EndTime "13:37:14 PDT"]
[Termination "alekroth64 won by resignation"]

1. d4 Nf6 2. c4 e6 3. Nf3 c5 4. d5 d6 5. Nc3 exd5 6. cxd5 g6 7. Bg5 h6 8. Bh4 g5 9. Bg3 Nh5 10.
Qa4+ Nd7 11. Qe4+ Qe7 12. Qxe7+ Bxe7 13. Nb5 Nxg3 14. hxg3 Kd8 15. a4 a6 16. Nc3 Kc7 17. e3 Nf8 18. Bd3 Bg4 19. Rb1 Ng6 20. b4 cxb4 21. Rxb4 Bxf3 22. gxf3 Ne5 23. Be2 Nd7 24. Kd2 Nc5 25. Rc1 Rhc8 26. Ne4 Kb8 27. Nxc5 dxc5 28.
Rb6 Rd8 29. e4 Bd6 30. Rcb1 Rd7 31. Bxa6 Ka7 32. Bxb7 1-0

[Event "*** Qualifier 3: Titled Tuesday 3|2 Blitz"]
[Site "Chess.com"]
[Date "2017.04.18"]
[Round "3"]
[White "yurisolo"]
[Black "GMMarcinDziuba"]
[Result "0-1"]
[WhiteElo "2453"]
[BlackElo "2533"]
[TimeControl "180+2"]
[EndTime "13:37:20 PDT"]
[Termination "GMMarcinDziuba won by resignation"]

1. e4 c5 2. Nf3 d6 3. d4 cxd4 4.
Nxd4 Nf6 5. Nc3 a6 6. Bg5 Nbd7 7. Qe2 h6 8. Bxf6 Nxf6 9. O-O-O e5 10. Nf5 g6 11. Ne3 Be6 12. Ned5 Nxd5 13. Nxd5 Rc8 14. g3 Rc5 15. f4 Bxd5 16. exd5 Bg7 17. f5 gxf5 18.
Bh3 O-O 19. Bxf5 Qg5+ 20. Kb1 Qxf5 21. Rhf1 Qg6 22. g4 Rfc8 23. Rd2 Rc4 24. h3 Qe4 25. Qf2 R8c7 26. Re2 Qg6 27. Qg2 Rf4 28. Rd1 e4 29.
Rde1 Re7 30. Qg3 Qf6 31. Qb3 Rf3 32. c3 Rxh3 33. a4 e3 34. Qb6 Rf3 35. Ka1 Rf1 36.
Ka2 Rxe1 37. Rxe1 e2 38. a5 Qf4 39. Qd8+ Bf8 40. Qc8 Qa4+ 41. Kb1 Qd1+ 0-1

[Event "*** Qualifier 3: Titled Tuesday 3|2 Blitz"]
[Site "Chess.com"]
[Date "2017.04.18"]
[Round "3"]
[White "DariuszMikrut"]
[Black "PowerThinking2650"]
[Result "1-0"]
[WhiteElo "2408"]
[BlackElo "2218"]
[TimeControl "180+2"]
[EndTime "13:37:29 PDT"]
[Termination "DariuszMikrut won by checkmate"]

1. d4 Nf6 2. c4 g6 3. Nc3 Bg7 4.
e4 O-O 5. f3 d6 6. Be3 a6 7. Qd2 c6 8. O-O-O b5 9. Bh6 bxc4 10.
h4 Nh5 11. Bxg7 Kxg7 12. Nge2 Qa5 13. g4 Nf6 14. h5 e5 15. hxg6 fxg6 16. Qh6+ Kg8 17.
g5 Nh5 18. Ng3 Rxf3 19. Nxh5 Rxc3+ 20. Kb1 gxh5 21. g6 Ra7 22. gxh7+ Rxh7 23. Bxc4+ Rxc4 24. Rdg1+ Bg4 25. Rxg4+ hxg4 26. Qxh7+ Kf8 27. Qh8+ Ke7 28. Rh7+ Ke6 29. Qe8+ Kf6 30. Qf8+ Kg5 31. Qf5# 1-0

[Event "*** Qualifier 3: Titled Tuesday 3|2 Blitz"]
[Site "Chess.com"]
[Date "2017.04.18"]
[Round "3"]
[White "Hikaru"]
[Black "ChessQueen"]
[Result "1-0"]
[WhiteElo "2901"]
[BlackElo "2232"]
[TimeControl "180+2"]
[EndTime "13:37:34 PDT"]
[Termination "Hikaru won by checkmate"]

1. b3 e5 2. Bb2 Nc6 3. e3 Nf6 4.
Bb5 d6 5. d4 exd4 6. exd4 Bd7 7. d5 Qe7+ 8. Ne2 Ne5 9. Bxd7+ Qxd7 10. O-O O-O-O 11. c4 h5 12. Qd4 Kb8 13. Nbc3 h4 14.
Nb5 b6 15. f4 Ng6 16. a4 h3 17.
g3 c5 18. Qd3 a5 19. Rae1 Ne7 20.
b4 axb4 21. a5 Nc8 22. axb6 Nxb6 23. Bxf6 gxf6 24. Ra1 Re8 25. Ra6 Nc8 26. Rfa1 Qg4 27. Kf2 f5 28. Ned4 cxd4 29. c5 dxc5 30. Ra8+ Kb7 31. Nd6+ Bxd6 32. Qa6+ Kc7 33. Qc6+ Kd8 34. Qxd6# 1-0

[Event "*** Qualifier 3: Titled Tuesday 3|2 Blitz"]
[Site "Chess.com"]
[Date "2017.04.18"]
[Round "3"]
[White "Izoria123"]
[Black "dhanushbharadwaj"]
[Result "1-0"]
[WhiteElo "2644"]
[BlackElo "2459"]
[TimeControl "180+2"]
[EndTime "13:37:38 PDT"]
[Termination "Izoria123 won by resignation"]

1. Nf3 Nf6 2. c4 g6 3. g3 Bg7 4.
Bg2 d6 5. O-O O-O 6. Nc3 Nbd7 7.
d4 e5 8. h3 c6 9. e4 Re8 10. Re1 a6 11. Be3 b5 12. c5 b4 13.
Na4 Nxe4 14. cxd6 exd4 15. Bxd4 Bxd4 16. Qxd4 Nef6 17. Rxe8+ Qxe8 18. Re1 Qf8 19. Ng5 Bb7 20. Re7 h6 21. Rxf7 Qxf7 22. Nxf7 Kxf7 23. Qxb4 Rb8 24. Nc5 Nxc5 25. Qxc5 Rc8 26. Qa7 1-0

[Event "*** Qualifier 3: Titled Tuesday 3|2 Blitz"]
[Site "Chess.com"]
[Date "2017.04.18"]
[Round "3"]
[White "Malev212"]
[Black "likantrophuss"]
[Result "1-0"]
[WhiteElo "2441"]
[BlackElo "2397"]
[TimeControl "180+2"]
[EndTime "13:38:07 PDT"]
[Termination "Malev212 won by resignation"]

1. e4 g6 2. d4 Bg7 3. Nc3 d6 4. Be3 a6 5. Qd2 b5 6. h4 h5 7. f3 Nd7 8. Nh3 Bb7 9. Ng5 Ngf6 10. a4 bxa4 11. Bc4 d5 12. Ba2 e5 13. exd5 O-O 14. O-O Nb6 15. dxe5 Nfxd5 16. Bc5 Re8 17. Rad1 c6 18. f4 Bf8 19. Bxf8 Rxf8 20. Nce4 Qe7 21. c4 Nc7 22. Qa5 Nc8 23. Rd7 1-0